 Seeded DCSS version 0.29.1-15-g9cfb28693d (webtiles) character file.

Game seed: 8515177902725472229 (custom seed)

42 valliere the Sneak (level 3, 14/20 HPs)
             Began as a Kobold Enchanter on Apr 18, 2023.
             Quit the game on level 2 of the Dungeon.
             The game lasted 00:04:20 (1379 turns).

valliere the Sneak (Kobold Enchanter)               Turns: 1379, Time: 00:04:20

Health: 14/20      AC:  2    Str:  5    XL:     3   Next: 77%
Magic:  1/6        EV: 30    Int: 16    God:
Gold:   56         SH:  0    Dex: 17    Spells: 1/6 levels left

rFire   . . .      SeeInvis .   a - +1 dagger
rCold   . . .      Faith    .   (no shield)
rNeg    . . .      Spirit   .   b - +0 robe
rPois   .          Reflect  .   j - +0 hat
rElec   .          Harm     .   (no cloak)
rCorr   .          Rampage  .   (no gloves)
Will    .....                   (no boots)
Stlth   ++++......              n - amulet of the acrobat
HPRegen 0.06/turn               (no ring)
MPRegen 0.10/turn               (no ring)

@: acrobatic
A: small, no large weapons, nightstalker 3
a: no special abilities


You were on level 2 of the Dungeon.
You visited 1 branch of the dungeon, and saw 2 of its levels.

You collected 56 gold pieces.

Inventory:

Hand Weapons
 a - a +1 dagger (weapon)
Armour
 b - a +0 robe (worn)
 j - a +0 hat (worn)
Jewellery
 n - an amulet of the acrobat (around neck)
Scrolls
 e - a scroll of identify {unknown}
 g - a scroll of acquirement {unknown}
 h - a scroll of blinking
 o - a scroll of enchant weapon {unknown}
Potions
 c - 2 potions of invisibility
 d - 3 potions of curing {unknown}
 f - a potion of mutation {unknown}
 i - a potion of flight {unknown}
 k - a potion of heal wounds {unknown}
 l - a potion of might {unknown}
 m - a potion of attraction {unknown}


   Skills:
 + Level 0.8 Fighting
 + Level 2.1 Short Blades
 + Level 0.5 Armour
 * Level 3.3 Dodging
 + Level 4.2 Stealth
 + Level 2.3 Spellcasting
 + Level 3.1 Hexes


You had one spell level left.
You knew the following spells:

 Your Spells              Type           Power      Damage    Failure   Level
a - Ensorcelled Hibernat  Hex/Ice        12%        N/A       16%         2
b - Confusing Touch       Hex            12%        N/A       16%         3

Your spell library contained the following spells:

 Spells                   Type           Power      Damage    Failure   Level
 Tukima's Dance           Hex            12%        N/A       16%         3
 Dazzling Flash           Conj/Hex       12%        N/A       30%         3
 Passage of Golubria      Tloc           1%         N/A       89%         4
 Silence                  Hex/Air        3%         N/A       96%         5
 Lehudib's Crystal Spear  Conj/Erth      0%         10d2      100%        8


Dungeon Overview and Level Annotations

Branches:
Dungeon (2/15)

Altars:
Xom

Shops:
D:2 *


Innate Abilities, Weirdness & Mutations

You are small and have problems with some larger weapons.
You are completely attuned to the shadows.


Message History

You kill the ball python!
No target in view!
HP restored.
Found a quarterstaff.
A gnoll comes into view. It is wielding a +0 spear.
A gnoll comes into view. It is wielding a +0 spear.
Found 3 scrolls labelled PARPHUNOUG.
You see here a +0 quarterstaff.
The helpless gnoll fails to defend itself.
You impale the gnoll!!
You kill the gnoll!
Your Short Blades skill increases to level 2!
A gnoll comes into view. It is wielding a +0 whip.
The gnoll shouts!
Things that are here:
a +0 spear; 2 throwing nets; a gnoll corpse You barely miss the gnoll.
The gnoll shouts!
The gnoll attacks as you move away! The gnoll completely misses you.
The gnoll attacks as you move away! The gnoll hits you with a +0 spear.
The gnoll completely misses you.
You miscast Ensorcelled Hibernation.
You are very lightly contaminated with residual magic.
Nothing appears to happen.
The gnoll barely misses you. The gnoll completely misses you.
The gnoll resists with some effort.
The gnoll closely misses you. The gnoll hits you but does no damage.
The gnoll resists with some effort.
The gnoll hits you from afar with a +0 spear.
The gnoll barely misses you.
A gnoll comes into view. It is wielding a +0 halberd.
You see here a +0 quarterstaff.
The gnoll attacks as you move away! The gnoll completely misses you.
The gnoll attacks as you move away! The gnoll completely misses you.
The gnoll attacks as you move away! The gnoll barely misses you.
The gnoll attacks as you move away! The gnoll completely misses you.
Your magical contamination has completely faded away.
The gnoll attacks as you move away! The gnoll completely misses you.
Autopickup is now off.
Are you sure you want to abandon this character and quit the game? (Confirm with "yes".)

...# #)# ##.# #.# #.# #.#
#.# #.# #.# #g# ##.# #g#
#..# #.# #.## #g# #<# #@#
#.####### #.# ........#
####.# #.#####.# #....## #.#
#.# #.#...## #.# #.#
#..###.# #.# #.# #..###.#
####.######.#...# ##########
.........†......###.........


You could see 3 gnolls.

Vanquished Creatures
  A gnoll (D:2)
  2 dart slugs (D:1)
  A ball python (D:2)
  4 bats (D:1)
  An endoplasm (D:1)
  2 giant cockroaches (D:1)
  2 goblins
  3 hobgoblins
  3 jackals (D:2)
  4 frilled lizards
  A kobold (D:1)
  2 rats (D:1)
26 creatures vanquished.

Notes
Turn   | Place    | Note
-------+----------+-------------------------------------------
     0 | D:1      | valliere the Kobold Enchanter began the quest for the Orb.
     0 | D:1      | Reached XP level 1. HP: 10/10 MP: 3/3
   294 | D:1      | Reached XP level 2. HP: 16/16 MP: 5/5
   835 | D:1      | Reached XP level 3. HP: 20/20 MP: 6/6
  1109 | D:2      | Learned a level 2 spell: Ensorcelled Hibernation
  1113 | D:2      | Learned a level 3 spell: Confusing Touch
  1136 | D:2      | Found a shimmering altar of Xom.
  1223 | D:2      | Found Vuamm's General Store.
  1379 | D:2      | Quit the game

Illustrated notes

Levels and vault maps discovered:
D:1:      sevenhm_arrival_forest_fort_large_4, layout_basic,
          nrook_loot_triangle, minmay_lizard_pond
D:2:      layout_loops_ring, basic_altar, serial_shops,
          nicolae_shop_temple_entry_statues_fountains

Skill      XL: |  1  2  3 |
---------------+----------+-----
Dodging        | 3 |  3.3
Short Blades   | 2 |  2.1
Fighting       | |  0.8
Armour         | |  0.5
Stealth        | |  4.2
Spellcasting   | |  2.3
Hexes          | |  3.1

Action                   || total
-------------------------++-------
Melee: Dagger            ||    54
 Cast: Ensorcelled Hiber ||     4
  Use: Scroll            ||     1
 Stab: Sleeping          ||    15
Armor: Robe              ||     4
Dodge: Dodged            ||    41
